Map: Port Aleksander LE

Players

Charouk - Winner!

  • Race: Zerg Zerg
  • League: Gold
  • Spawn Location: 11:00

Smileblind

  • Race: Zerg Zerg
  • League: Silver
  • Spawn Location: 5:00

VOD

Have the link to the VOD?

Description

Time

  • Played on: Jan. 15, 2019, 10:45 p.m.
  • Length: 14:07
Show
View Real Time Build Order
Export as new Build Order

Charouk Zerg - Winner!

Build Orders: Hatch First 

Get SALT Encoding   

  12  0:02  Drone  
  13  0:13  Overlord  
  13  0:19  Drone  
  14  0:33  Drone x2  
  16  0:56  Hatchery  
  15  1:07  Extractor  
  15  1:09  Drone  
  15  1:27  Drone x2  
  15  1:32  Spawning Pool  
  16  1:36  Drone  
  17  1:52  Drone x2  
  18  2:24  Zergling x6  
  18  2:25  Overlord  
  18  2:26  Drone  
  18  2:29  Queen  
  24  2:31  Queen  
  24  2:35  Metabolic Boost  
  26  2:44  Baneling Nest  
  25  2:54  Drone x3  
  25  2:55  Drone  
  29  3:03  Zergling x2  
  29  3:04  Zergling x2  
  31  3:24  Zergling x4  
  33  3:32  Drone  
  33  3:33  Drone x2  
  36  3:35  Overlord  
  35  3:49  Baneling x3  
  35  3:50  Baneling  
  35  4:02  Drone  
  36  4:03  Drone x5  
  41  4:26  Drone  
  41  4:27  Drone  
  41  4:29  Overlord  
  43  4:33  Extractor  
  43  4:36  Roach Warren, Lair  
  41  4:39  Drone  
  41  4:40  Drone  
  41  4:41  Overlord  
  43  5:00  Drone x2  
  43  5:01  Drone x2  
  47  5:11  Evolution Chamber  
  46  5:24  Roach  
  46  5:25  Roach x5  
  46  5:27  Overlord  
  58  5:46  Roach x4  
  66  5:56  Overlord  
  66  6:07  Overseer  
  66  6:13  Baneling x4  
  66  6:26  Centrifical Hooks  
  66  6:30  Zerg Missile Weapons Level 1  
  62  6:49  Roach x4  
  62  6:50  Roach  
  62  6:51  Overlord  
  72  7:07  Extractor  
  71  7:08  Drone  
  71  7:09  Drone, Extractor  
  71  7:13  Glial Reconstitution  
  72  7:37  Hydralisk Den  
  71  7:48  Hatchery  
  71  7:50  Drone  
  71  7:51  Drone x6  
  71  7:52  Drone x4  
  81  8:04  Overseer  
  81  8:11  Overlord x2  
  81  8:12  Hydralisk  
  83  8:32  Hydralisk  
  83  8:33  Hydralisk x5  
  95  8:49  Overseer  
  95  8:51  Pneumatized Carapace  
  95  9:04  Zerg Missile Weapons Level 2  
  95  9:06  Grooved Spines, Infestation Pit  
  94  9:27  Overlord x2, Hydralisk  
  94  9:28  Hydralisk  
  98  9:31  Overlord x2  
  98  9:32  Tunneling Claws  
  98  9:45  Queen  
  100  9:46  Overlord x2  
  100  9:56  Hydralisk  
  100  9:57  Hydralisk x2  
  100  9:58  Hydralisk  
  100  10:17  Muscular Augments  
  100  10:20  Hydralisk  
  102  10:21  Hydralisk x3  
  102  10:22  Hydralisk  
  102  10:24  Overlord x2  
  102  10:25  Zergling x4  
  112  10:42  Overseer  
  112  10:54  Hydralisk x3  
  112  10:55  Hydralisk x3  
  124  11:11  Hatchery  
  123  11:20  Zerg Ground Armor Level 1  
  123  11:22  Overlord, Hydralisk  
  123  11:23  Hydralisk x5  
  135  11:33  Hydralisk x2  
  128  11:58  Hive  
  128  12:18  Spore Crawler  
  128  12:21  Spore Crawler  
  126  12:27  Spore Crawler  
  125  12:30  Hydralisk x7  
  125  12:31  Hydralisk x3  
  145  12:41  Queen  
  145  12:44  Overlord x2  
  147  12:49  Spore Crawler  
  147  12:51  Drone x2  
  147  12:52  Drone  
  136  13:36  Hydralisk  
  136  13:37  Hydralisk x11  
  136  13:38  Hydralisk x2  
Show
View Real Time Build Order
Export as new Build Order

Smileblind Zerg 

Build Orders: Pool First 

Get SALT Encoding   

  12  0:02  Drone  
  13  0:09  Drone  
  14  0:31  Spawning Pool  
  13  0:35  Overlord  
  13  0:40  Drone  
  14  0:48  Overlord  
  14  0:54  Drone  
  15  1:27  Hatchery  
  15  1:29  Queen  
  15  1:32  Zergling x2  
  17  1:41  Overlord  
  17  1:45  Drone  
  18  1:59  Spine Crawler  
  17  2:03  Zergling x4  
  19  2:11  Drone  
  20  2:20  Queen  
  23  2:30  Drone x2  
  24  2:42  Spine Crawler  
  24  2:44  Queen  
  23  2:50  Drone  
  26  2:59  Drone  
  26  3:02  Zergling x4  
  26  3:03  Zergling x2  
  26  3:05  Zergling x2  
  31  3:09  Drone  
  32  3:18  Overlord  
  32  3:27  Spine Crawler  
  32  3:29  Drone  
  32  3:31  Spine Crawler  
  31  3:44  Drone  
  31  3:45  Drone x2  
  32  3:54  Queen  
  33  3:57  Zergling x2  
  33  3:58  Zergling x4  
  36  4:25  Zergling x4  
  36  4:26  Zergling x2  
  36  4:30  Queen  
  41  4:40  Extractor, Queen  
  41  4:42  Zergling x10  
  41  4:43  Zergling x4  
  49  5:04  Drone  
  49  5:05  Drone x2  
  52  5:25  Overlord x5  
  52  5:32  Extractor  
  51  5:56  Zergling x4  
  51  5:57  Zergling x4  
  55  6:15  Roach Warren  
  55  6:16  Hatchery  
  53  6:20  Drone x3  
  56  6:27  Queen  
  58  6:34  Metabolic Boost  
  41  6:53  Drone  
  41  6:54  Drone x5  
  44  6:55  Drone x5  
  44  7:00  Roach  
  54  7:04  Roach  
  56  7:13  Lair  
  56  7:30  Queen  
  56  7:32  Drone  
  59  7:38  Drone  
  59  7:40  Roach x2  
  59  7:43  Roach  
  66  7:47  Hatchery  
  66  7:51  Extractor  
  64  7:55  Extractor  
  63  7:59  Spore Crawler  
  63  8:05  Drone x4  
  66  8:09  Drone x3  
  66  8:10  Queen  
  71  8:23  Roach  
  73  8:46  Queen  
  75  8:48  Spire  
  75  8:52  Drone x2  
  75  8:53  Drone x6  
  82  9:06  Overlord x4  
  82  9:07  Overlord  
  82  9:11  Drone x2  
  82  9:13  Burrow  
  82  9:15  Roach x2  
  88  9:17  Zergling x2  
  89  9:35  Drone x4  
  89  9:36  Drone  
  94  9:42  Spine Crawler, Spore Crawler  
  92  9:47  Spine Crawler  
  92  9:51  Spine Crawler  
  90  9:54  Drone  
  90  9:57  Queen  
  68  10:19  Mutalisk x3  
  68  10:20  Mutalisk x4  
  78  10:33  Queen  
  78  10:34  Drone x3  
  79  10:54  Mutalisk x3  
  79  10:55  Mutalisk x6  
  97  11:06  Drone  
  97  11:07  Drone  
  99  11:17  Drone  
  99  11:18  Drone x3  
  103  11:26  Zerg Flyer Weapons Level 1  
  103  11:28  Mutalisk  
  60  11:56  Mutalisk x3  
  66  12:02  Mutalisk  
  68  12:14  Mutalisk  
  70  12:27  Mutalisk  
  70  12:29  Mutalisk  
  72  12:31  Hatchery  
  72  12:32  Zergling x10  
  72  12:33  Zergling x10  
  83  12:42  Roach x5  
  83  12:43  Zergling x6  
  83  12:44  Zergling x12  
  99  12:45  Zergling x4  
  104  12:56  Evolution Chamber  
  76  13:24  Mutalisk x4  
  70  13:28  Hatchery  
  56  13:35  Mutalisk  
  56  13:37  Zergling x10  
  63  13:43  Zergling x6  
Tags
 
Add a new tag
Caveats
  • Supply blocks, unpowered buildings, or Contaminate may cause inaccurate times.
  • Supply counts are checked every 10 seconds.